Map: Cyber Forest LE

Players

Crixalis - Winner!

  • Race: Protoss Protoss
  • League: Platinum
  • Spawn Location: 5:00

Ragnarokette

  • Race: Zerg Zerg
  • League: Diamond
  • Spawn Location: 11:00

VOD

Have the link to the VOD?

Description

Time

  • Played on: July 3, 2019, 4:25 p.m.
  • Length: 6:50
Show
View Real Time Build Order
Export as new Build Order

Crixalis Protoss - Winner!

Build Orders: 1 Gate Expand 

Get SALT Encoding   

  12  0:01  Probe  
  13  0:13  Probe  
  14  0:24  Pylon  
  14  0:25  Probe  
  15  0:43  Probe  
  15  0:45  Gateway  
  16  0:51  Probe  
  17  0:57  Assimilator  
  17  1:01  Probe  
  18  1:13  Probe  
  19  1:25  Probe  
  20  1:29  Nexus  
  20  1:41  Cybernetics Core  
  20  1:55  Pylon  
  20  1:56  Zealot  
  20  1:57  Probe  
  23  2:13  Probe  
  23  2:14  Assimilator  
  24  2:19  Robotics Facility  
  24  2:28  Probe  
  25  2:33  Adept  
  25  2:40  Warp Gate  
  25  2:42  Probe x2  
  29  2:54  Probe x2  
  31  3:06  Probe x2  
  31  3:07  Stalker, Gateway  
  35  3:18  Probe  
  35  3:19  Probe  
  37  3:20  Pylon  
  37  3:33  Immortal  
  35  3:47  Probe x2  
  41  3:59  Immortal, Probe x2  
  41  4:01  Gateway  
  41  4:02  Gateway  
  43  4:11  Probe x2  
  43  4:12  Sentry  
  51  4:29  Sentry  
  53  4:33  Pylon  
  53  4:34  Pylon  
  53  4:36  Pylon  
  53  4:46  Gateway  
  53  4:47  Gateway  
  53  4:50  Warp Prism  
  53  4:52  Sentry  
  57  4:55  Zealot  
  57  4:58  Zealot  
  61  5:04  Pylon  
  61  5:08  Pylon  
  61  5:27  Sentry x2  
  61  5:28  Zealot x2  
  67  5:48  Stalker x2  
  65  5:53  Zealot x2  
  65  5:54  Zealot  
  65  5:55  Zealot  
  71  6:02  Probe x2  
  69  6:15  Zealot x4  
  69  6:16  Stalker, Zealot  
  77  6:35  Pylon  
Show
View Real Time Build Order
Export as new Build Order

Ragnarokette Zerg 

Build Orders: Hatch First 

Get SALT Encoding   

  12  0:01  Drone  
  13  0:12  Overlord  
  13  0:16  Drone  
  14  0:31  Drone x2  
  16  0:50  Hatchery  
  16  0:53  Drone  
  16  0:57  Drone  
  16  1:00  Drone  
  18  1:11  Extractor  
  18  1:17  Spawning Pool  
  16  1:20  Drone  
  16  1:22  Drone  
  18  1:28  Drone  
  19  1:39  Drone  
  20  1:58  Overlord  
  20  2:03  Queen x2  
  20  2:04  Zergling x4  
  26  2:11  Drone  
  27  2:15  Drone  
  27  2:17  Metabolic Boost  
  27  2:22  Drone  
  29  2:24  Drone  
  30  2:32  Drone  
  31  2:45  Hatchery  
  30  2:53  Drone x3  
  30  2:55  Overlord  
  30  2:58  Drone  
  34  3:12  Queen  
  34  3:13  Overlord  
  34  3:15  Drone x2  
  34  3:16  Drone  
  34  3:18  Drone  
  40  3:24  Roach Warren  
  40  3:26  Drone  
  40  3:28  Drone  
  40  3:31  Drone  
  40  3:32  Drone  
  41  3:44  Drone x2  
  41  3:45  Drone x3  
  41  3:46  Drone  
  47  3:52  Lair  
  47  3:56  Spore Crawler  
  47  3:59  Drone, Spore Crawler  
  46  4:10  Extractor, Drone x5  
  46  4:11  Extractor, Drone x2  
  46  4:15  Overlord  
  46  4:16  Overlord  
  51  4:35  Overlord, Spore Crawler  
  51  4:36  Roach x5  
  60  4:46  Overlord  
  60  4:48  Roach x2  
  64  4:54  Glial Reconstitution  
  64  4:55  Overlord  
  64  4:56  Drone x4  
  68  5:11  Queen  
  68  5:12  Queen  
  68  5:13  Roach x3  
  78  5:17  Ravager  
  78  5:20  Roach  
  78  5:21  Zergling x8  
  82  5:25  Overlord  
  85  5:36  Overlord x2  
  85  5:44  Zergling x10  
  85  5:45  Zergling x4  
  81  5:54  Zergling x2  
  81  5:55  Zergling x4  
  79  6:02  Zergling x4  
  68  6:08  Zergling x2  
  68  6:16  Roach x3  
  61  6:26  Roach x3  
Tags
 
Add a new tag
Caveats
  • Supply blocks, unpowered buildings, or Contaminate may cause inaccurate times.
  • Supply counts are checked every 10 seconds.